 Dungeon Crawl Stone Soup version 0.29-a0-397-g846e4a0bbc (webtiles) character file.

Game seed: 242631817270124571

6810 Bruhh the Fighter (level 11, -8/123 HPs)
             Began as an Ogre Earth Elementalist on May 11, 2022.
             Was an Elder of Cheibriados.
             Mangled by a skeletal warrior
             ... wielding a +0 glaive
              (16 damage)
             ... on level 9 of the Dungeon.
             The game lasted 00:20:36 (10958 turns).

Bruhh the Fighter (Ogre Earth Elementalist)        Turns: 10958, Time: 00:20:36

Health: -8/123     AC:  6    Str: 23    XL:     11   Next: 5%
Magic:  9/24       EV: 10    Int: 29    God:    Cheibriados [****..]
Gold:   523        SH:  0    Dex: 24    Spells: 17/28 levels left

rFire   . . .      SeeInvis +   D - staff of earth
rCold   . . .      Faith    .   (no shield)
rNeg    . . .      Spirit   .   F - +0 steam dragon scales
rPois   .          Reflect  .   (helmet restricted)
rElec   .          Harm     .   s - scarf {shadows}
rCorr   .          Rampage  .   (gloves unavailable)
Will    +....                   (boots unavailable)
Stlth   ++........              (no amulet)
HPRegen 0.30/turn               f - ring of see invisible
MPRegen 0.19/turn               n - +6 ring of dexterity

@: very slow
A: large, unfitting armour, tough skin 1
a: Renounce Religion, Bend Time, Temporal Distortion, Slouch


You were on level 9 of the Dungeon.
You worshipped Cheibriados.
Cheibriados was greatly pleased with you.
You visited 1 branch of the dungeon, and saw 9 of its levels.
You also visited: Ossuary.

You collected 523 gold pieces.

Inventory:

Hand Weapons
 h - a +2 dagger of electrocution
Missiles
 a - 70 stones
 y - 16 poisoned darts
Armour
 b - a +0 robe
 s - a scarf of shadows (worn)
 F - +0 steam dragon scales (worn)
Magical Staves
 D - a staff of earth (weapon)
Jewellery
 f - a ring of see invisible (left hand)
 n - a +6 ring of dexterity (right hand)
 x - an amulet of regeneration
 O - a ring of protection from cold
 Q - a ring of poison resistance
Wands
 r - a wand of polymorph (18)
 A - a wand of iceblast (3)
 H - a wand of flame (7)
 P - a wand of charming (7)
Scrolls
 d - 5 scrolls of blinking
 g - a scroll of vulnerability
 j - 4 scrolls of poison {unknown}
 k - 5 scrolls of enchant weapon {unknown}
 l - 3 scrolls of fear {unknown}
 o - 7 scrolls of teleportation
 q - 8 scrolls of identify {unknown}
 t - 2 scrolls of fog {unknown}
 w - a scroll of noise {unknown}
 z - a scroll of torment {unknown}
 C - a scroll of enchant armour {unknown}
 E - a scroll of amnesia {unknown}
 I - a scroll of immolation {unknown}
 L - a scroll of summoning {unknown}
 M - a scroll of silence {unknown}
Potions
 e - 6 potions of curing {unknown}
 i - 2 potions of lignification {unknown}
 m - 3 potions of attraction {unknown}
 p - 4 potions of heal wounds {unknown}
 u - 3 potions of might {unknown}
 v - 2 potions of brilliance {unknown}
 B - 2 potions of haste {unknown}
 G - a potion of ambrosia {unknown}
 J - 2 potions of invisibility {unknown}
 K - a potion of flight {unknown}
 N - a potion of degeneration {unknown}


   Skills:
 - Level 12.0 Fighting
 - Level 1.7 Dodging
 - Level 1.4 Stealth
 - Level 9.0 Spellcasting
 - Level 5.0 Conjurations
 - Level 5.0 Hexes
 - Level 0.8 Transmutations
 - Level 2.0 Fire Magic
 - Level 5.0 Earth Magic
 + Level 6.4 Invocations


You had 17 spell levels left.
You knew the following spells:

 Your Spells              Type           Power      Damage    Failure   Level
a - Sandblast             Erth           100%       2d20      1%          1
b - Stone Arrow           Conj/Erth      100%       3d13      1%          3
c - Inner Flame           Hex/Fire       33%        N/A       3%          3
d - Cause Fear            Hex            21%        N/A       5%          4

Your spell library contained the following spells:

 Spells                   Type           Power      Damage    Failure   Level
 Passwall                 Tmut/Erth      37%        N/A       1%          2
 Animate Skeleton         Necr           26%        N/A       4%          1
 Apportation              Tloc           26%        N/A       4%          1
 Summon Small Mammal      Summ           52%        N/A       4%          1
 Petrify                  Tmut/Erth      45%        N/A       12%         4
 Discord                  Hex            21%        N/A       100%        8


Dungeon Overview and Level Annotations

Branches:
Dungeon (9/15)             Temple (0/1) D:5         Ossuary (visited)
   Lair: D:8-11         Orc: D:9-12

Altars:
Cheibriados

Annotations:
D:9 3 runed translucent doors


Innate Abilities, Weirdness & Mutations

You are too large for most types of armour.
You have tough skin. (AC +1)


Message History

The skeletal warrior hits you from afar with a +0 halberd!!
* * * LOW HITPOINT WARNING * * *
A skeletal warrior comes into view. It is wielding a +0 glaive.
Casting: Inner Flame (mildly dangerous; 3% risk of failure)
Confirm with . or Enter, or press ? or * to list all spells.
Aiming: Stone Arrow (safe; 1% risk of failure)
Press: ? - help, Shift-Dir - straight line, f/p - skeletal warrior
Aim: a skeletal warrior, wielding a +0 halberd (moderately damaged, inner flame, 78% to hit)
You feel a surge of power!
The stone arrow misses the skeletal warrior.
A skeletal warrior comes into view. It is wielding a +0 glaive.
The skeletal warrior closely misses you.
Casting: Stone Arrow (safe; 1% risk of failure)
Confirm with . or Enter, or press ? or * to list all spells.
Aiming: Stone Arrow (safe; 1% risk of failure)
Press: ? - help, Shift-Dir - straight line, f/p - skeletal warrior
Aim: a skeletal warrior, wielding a +0 halberd (moderately damaged, inner flame, 78% to hit)
You feel a surge of power!
The stone arrow hits the skeletal warrior!!
Flame seeps out of the skeletal warrior.
The skeletal warrior is severely damaged.
The skeletal warrior is engulfed in blazing flames. x2
Flame seeps out of the skeletal warrior.
The skeletal warrior hits you from afar with a +0 halberd!!
* * * LOW HITPOINT WARNING * * *
Unknown command.
Casting: Stone Arrow (safe; 1% risk of failure)
Confirm with . or Enter, or press ? or * to list all spells.
Aiming: Stone Arrow (safe; 1% risk of failure)
Press: ? - help, Shift-Dir - straight line, f/p - skeletal warrior
Aim: a skeletal warrior, wielding a +0 halberd (flame, almost destroyed, inner flame, 78% to hit)
You feel a surge of power!
The stone arrow hits the skeletal warrior!
Cheibriados thoroughly appreciates the change of pace.
The skeletal warrior explodes!
The fiery explosion engulfs the skeletal warrior!!
The skeletal warrior is moderately damaged.
The skeletal warrior is engulfed in blazing flames.
The skeletal warrior hits you from afar with a +0 glaive!
You die...

.................................
######....#...#..#.....###.###...
###.#......#..#.###...........
#......#......#.# #.###.###...
#.#.#.##.#.#....# #.# #.# #...
#.#.#.##.#.##### #.# #.# #...
#.#...##.#.. #.# #...
#.######.#..### #.# #... ..
...§z.@# #.# #.
#.#§○#.#########.# #§
#...........# # #############


You could see a skeletal warrior.

Vanquished Creatures
  2 two-headed ogres
  2 skeletal warriors (D:9)
  A kobold demonologist (D:9)
  Sigmund (D:3)
  9 yaks
  2 steam dragons (D:7)
  Edmund (D:6)
  An ice beast (D:7)
  An orc warrior (D:9)
  A water moccasin (D:5)
  2 black bears (D:4)
  5 sky beasts
  An ogre (D:5)
  2 centaurs (D:8)
  2 kobold brigands
  6 bullfrogs
  4 scorpions
  2 wights (D:8)
  2 howler monkeys (D:7)
  4 hounds
  4 jellies
  2 orc priests
  A gnoll shaman (D:7)
  2 iguanas (D:5)
  Ijyb (D:5)
  6 orc wizards
  13 mummies
  7 adders
  3 gnolls (D:7)
  2 shadow imps
  2 white imps
  A worm (D:5)
  2 dart slugs
  17 orcs
  6 endoplasms
  2 giant cockroaches
  6 goblins
  10 hobgoblins
  6 jackals
  11 kobolds
  3 quokkas
  9 ball pythons
  3 frilled lizards
  5 gnoll skeletons (Ossuary)
  A kobold skeleton (Ossuary)
  2 orc skeletons (Ossuary)
  4 rats
  11 rat skeletons (Ossuary)
193 creatures vanquished.

Notes
Turn   | Place    | Note
-------+----------+-------------------------------------------
     0 | D:1      | Bruhh the Ogre Earth Elementalist began the quest for the
                  | Orb.
     0 | D:1      | Reached XP level 1. HP: 16/16 MP: 3/3
   255 | D:1      | Reached XP level 2. HP: 24/24 MP: 3/5
   855 | D:2      | Reached XP level 3. HP: 31/31 MP: 4/7
   909 | D:2      | Learned a level 3 spell: Stone Arrow
  1306 | D:2      | Reached XP level 4. HP: 39/39 MP: 9/9
  1458 | D:2      | Reached skill level 1 in Conjurations
  1660 | D:2      | You fall into a shaft and drop 2 floors!
  1786 | D:4      | Noticed a scorpion
  1797 | D:4      | Killed a scorpion
  1798 | D:4      | Reached XP level 5. HP: 18/45 MP: 2/11
  2362 | D:3      | Noticed Sigmund
  2365 | D:3      | Killed Sigmund
  2366 | D:3      | Reached XP level 6. HP: 46/53 MP: 1/12
  2479 | D:3      | Found a faded altar of an unknown god.
  3164 | D:4      | Found a snail-covered altar of Cheibriados.
  3275 | D:4      | Became a worshipper of Cheibriados the Contemplative
  3285 | D:4      | Noticed a black bear
  3290 | D:4      | Killed a black bear
  3291 | D:4      | Reached skill level 5 in Earth Magic
  3291 | D:4      | Reached XP level 7. HP: 59/59 MP: 6/13
  4242 | D:5      | Entered Level 5 of the Dungeon
  4426 | D:5      | Found a staircase to the Ecumenical Temple.
  4437 | D:5      | Reached skill level 5 in Conjurations
  4767 | D:5      | Reached * piety under Cheibriados
  4768 | D:5      | Reached skill level 5 in Spellcasting
  4992 | D:5      | Reached XP level 8. HP: 59/67 MP: 13/17
  5184 | D:5      | Noticed Ijyb
  5190 | D:5      | Killed Ijyb
  5911 | D:6      | Noticed Edmund
  5916 | D:6      | Killed Edmund
  6483 | D:6      | Reached skill level 1 in Fighting
  6719 | D:7      | Reached skill level 3 in Fighting
  6719 | D:7      | Reached XP level 9. HP: 84/84 MP: 15/22
  6819 | D:7      | Reached skill level 4 in Fighting
  6915 | D:7      | Reached skill level 5 in Fighting
  7090 | D:7      | Reached ** piety under Cheibriados
  7091 | D:7      | Reached skill level 6 in Fighting
  7390 | D:7      | Reached skill level 7 in Fighting
  7644 | D:8      | Reached skill level 8 in Fighting
  7872 | D:8      | Found a sand-covered staircase.
  7879 | Ossuary  | Entered an ossuary
  8321 | Ossuary  | Reached skill level 9 in Fighting
  8412 | Ossuary  | Reached *** piety under Cheibriados
  8776 | D:8      | Learned a level 3 spell: Inner Flame
  8781 | D:8      | Learned a level 4 spell: Cause Fear
  8913 | D:8      | Reached skill level 10 in Fighting
  9442 | D:8      | Noticed a two-headed ogre
  9445 | D:8      | Reached skill level 11 in Fighting
  9445 | D:8      | Reached XP level 10. HP: 95/114 MP: 14/23
  9451 | D:8      | Killed a two-headed ogre
  9452 | D:8      | Reached skill level 12 in Fighting
  9452 | D:8      | Reached skill level 1 in Hexes
  9452 | D:8      | Reached skill level 1 in Fire Magic
 10342 | D:9      | Reached skill level 5 in Hexes
 10342 | D:9      | Reached skill level 1 in Invocations
 10473 | D:9      | Noticed a two-headed ogre
 10479 | D:9      | Killed a two-headed ogre
 10666 | D:9      | Found a runed translucent gate.
 10666 | D:9      | Found a runed translucent gate.
 10666 | D:9      | Found a runed translucent gate.
 10829 | D:9      | Noticed a kobold demonologist
 10831 | D:9      | Killed a kobold demonologist
 10832 | D:9      | Reached skill level 5 in Invocations
 10945 | D:9      | Noticed a skeletal warrior
 10951 | D:9      | Noticed a skeletal warrior
 10952 | D:9      | Killed a skeletal warrior
 10952 | D:9      | Reached **** piety under Cheibriados
 10953 | D:9      | Reached XP level 11. HP: 68/123 MP: 3/24
 10955 | D:9      | Noticed a skeletal warrior
 10956 | D:9      | Noticed a skeletal warrior
 10958 | D:9      | Killed a skeletal warrior
 10958 | D:9      | Mangled by a skeletal warrior

Illustrated notes

Levels and vault maps discovered:
D:1:      dpeg_arrival_tiny_a, layout_loops_ring
D:2:      layout_loops_ring
D:3:      layout_loops_ring, ebering_ecumenical_altar_webs, uniq_sigmund
D:4:      layout_layer_cave, amcnicky_altar_gilded
D:5:      nicolae_cairo_tiling_large_dashed, layout_cave_pods, uniq_ijyb
D:6:      layout_loops_cross, uniq_edmund
D:7:      layout_loops_ring, serial_glass, glass_columns_a, glass_columns_b,
          glass_columns_a, glass_columns_a, glass_columns_b, glass_columns_c,
          glass_columns_a, glass_columns_a, glass_columns_a, glass_columns_a,
          glass_columns_b, glass_columns_a, glass_columns_b, glass_columns_b,
          due_unseen_surprise, item_on_display_a, feat_on_display,
          feat_on_display
D:8:      layout_cave_pods, gup_ossuary_entry_pyramid, minmay_increasing_density
D:9:      layout_basic, gammafunk_ghost_cemetery

Skill      XL: |  1  2  3  4  5  6  7  8  9 10 |
---------------+-------------------------------+-----
Earth Magic    | 3 4 5 |  5.0
Spellcasting   | 3 4 6 9 |  9.0
Conjurations   | 2 3 4 5 |  5.0
Fighting       | 3 11 12 | 12.0
Hexes          | 5 |  5.0
Fire Magic     | 2 |  2.0
Invocations    | 6 |  6.4
Dodging        | |  1.7
Stealth        | |  1.4
Transmutations | |  0.8

Action                   |  1- 3 |  4- 6 |  7- 9 | 10-12 || total
-------------------------+-------+-------+-------+-------++-------
Melee: Dagger            |    17 |     3 |     5 |       ||    25
       Unarmed           |     1 |       |       |       ||     1
       Staff             |       |       |     5 |       ||     5
 Cast: Sandblast         |    37 |    38 |    94 |     3 ||   172
       Stone Arrow       |       |     5 |    99 |    31 ||   135
       Inner Flame       |       |       |       |    13 ||    13
  Use: Scroll            |       |       |     3 |       ||     3
       Potion            |       |       |       |     2 ||     2
 Stab: Sleeping          |     1 |       |       |       ||     1
Armor: Robe              |     8 |     7 |     8 |       ||    23
       Steam dragon scal |       |       |     4 |     3 ||     7
Dodge: Dodged            |    13 |    14 |    45 |     6 ||    78

Table legend: (Time is in decaauts)
 A = Elapsed time spent in this place.
 B = Non-inter-level travel time spent in this place.
 C = Inter-level travel time spent in this place.
 D = Time resting spent in this place.
 E = Time spent auto-exploring this place.
 F = Levels seen in this place.
 G = Mean time per level.
                   A        B        C        D        E       F      G
               +--------+--------+--------+--------+--------+-----+--------+
         Total |  12856 |  12450 |    406 |    249 |  11013 |  10 | 1285.6 |
       Dungeon |  12068 |  11662 |    406 |    249 |  10350 |   9 | 1340.9 |
       Ossuary |    788 |    788 |      0 |      0 |    662 |   1 |  788.0 |
               +--------+--------+--------+--------+--------+-----+--------+

Top non-repeatable levels by time:
     D:8: 2445 daAuts
     D:4: 1987 daAuts
     D:5: 1766 daAuts
     D:6: 1244 daAuts
     D:7: 1100 daAuts
     D:9: 1051 daAuts
     D:2: 885 daAuts
     D:1: 847 daAuts
 Ossuary: 788 daAuts
     D:3: 740 daAuts
